 Dungeon Crawl Stone Soup version 0.18.1-47-g9310371 (webtiles) character file.

32 matakusis the Grave Robber (level 3, 0/24 HPs)
             Began as a Demonspawn Necromancer on June 14, 2016.
             Slain by a quokka (4 damage)
             ... on level 2 of the Dungeon.
             The game lasted 00:03:33 (931 turns).

matakusis the Grave Robber (Demonspawn Necromancer)  Turns: 931, Time: 00:03:34

Health: 0/24       AC:  3    Str:  8    XL:     3   Next: 10%
Magic:  1/6        EV: 12    Int: 17    God:
Gold:   42         SH:  0    Dex: 13    Spells: 2 memorised, 5 levels left

rFire  . . .     SeeInvis .     e - +1 dagger (venom)
rCold  . . .     Gourm    .     a - +0 robe
rNeg   . . .     Faith    .     (no shield)
rPois  .         Spirit   .     j - +0 helmet
rElec  .         Dismiss  .     (no cloak)
rCorr  .         Reflect  .     (no gloves)
SustAt .         Harm     .     (no boots)
MR     .....                    h - amulet of magic regeneration
Stlth  ++........               (no ring)
                                (no ring)

@: lethally poisoned (0 -> -4), not resistant to hostile enchantments,
unstealthy
A: claws 1
a: no special abilities


You were on level 2 of the Dungeon.
You were hungry.

You visited 1 branch of the dungeon, and saw 2 of its levels.

You collected 42 gold pieces.

Inventory:

Hand Weapons
 e - a +1 dagger of venom (weapon)
Armour
 a - a +0 robe (worn)
 j - a +0 helmet (worn)
Jewellery
 h - an amulet of magic regeneration (around neck)
Scrolls
 g - 2 scrolls of remove curse {unknown}
 l - a scroll of teleportation {unknown}
 m - a scroll of amnesia {unknown}
Potions
 f - 2 potions of curing {unknown}
 i - a potion of degeneration {unknown}
 k - a potion of ambrosia {unknown}
Books
 b - a book of Necromancy

   Spells                             Type                      Level
   a - Pain                           Necromancy                   1
   b - Animate Skeleton               Necromancy                   1
   c - Vampiric Draining              Necromancy                   3
   d - Regeneration                   Charms/Necromancy            3
   e - Animate Dead                   Necromancy                   4
   f - Control Undead                 Necromancy                   4
Comestibles
 c - 2 bread rations


   Skills:
 + Level 1.8 Dodging
 - Level 1.7 Stealth
 + Level 2.5 Spellcasting
 + Level 5.1 Necromancy


You had 5 spell levels left.
You knew the following spells:

 Your Spells              Type           Power        Failure   Level  Hunger
a - Pain                  Necr           ###.         2%          1    #......
b - Animate Skeleton      Necr           N/A          2%          1    #......


Dungeon Overview and Level Annotations

Branches:
Dungeon (2/15)

Altars:
Dithmenos
Elyvilon
Trog


Innate Abilities, Weirdness & Mutations

You have sharp fingernails.


Message History

Your experience leads to an increase in your attributes!
Increase (S)trength, (I)ntelligence, or (D)exterity?
You feel clever.
You are feeling hungry.
* * * LOW HITPOINT WARNING * * *
You feel sick.
Casting: Pain
Confirm with . or Enter, or press ? or * to list all spells.
Aiming: Pain
Press: ? - help, Shift-Dir - straight line, f - quokka
Aim: a quokka (chance to defeat MR: 94%)
The quokka convulses in agony!
Casting: Pain
Confirm with . or Enter, or press ? or * to list all spells.
You don't have enough magic to cast that spell.
Unknown command.
* * * LOW HITPOINT WARNING * * *
You feel sick. The quokka bites you.
You die...

+#.#.#'..................
#
###.....[#.#.########...
##...##.#...# ###
#..#......###
#...##......####
##.............
######.####......##
.........###.#..... .
...........@r#..#....
.........####........
.........# #$.#....<.
.........# #.## ...#.
..<......# #. #...
.........# ## ..
####..### . #.[


You could see a quokka.

Vanquished Creatures
  2 adders (D:2)
  A ball python (D:1)
  A goblin (D:1)
  A hobgoblin (D:1)
  A quokka (D:2)
  5 bats (D:1)
  3 kobolds (D:1)
  A rat (D:2)
15 creatures vanquished.

Notes
Turn   | Place    | Note
--------------------------------------------------------------
     0 | D:1      | matakusis the Demonspawn Necromancer began the quest for the Orb.
     0 | D:1      | Reached XP level 1. HP: 13/13 MP: 3/3
    70 | D:1      | Learned a level 1 spell: Animate Skeleton
   372 | D:1      | Gained mutation: You have sharp fingernails. [demonic ancestry]
   372 | D:1      | Reached XP level 2. HP: 12/19 MP: 0/5
   655 | D:2      | Reached skill level 5 in Necromancy
   905 | D:2      | Found a bloodstained altar of Trog.
   905 | D:2      | Found a shadowy altar of Dithmenos.
   906 | D:2      | Found a white marble altar of Elyvilon.
   928 | D:2      | Reached XP level 3. HP: 7/24 MP: 1/6
   931 | D:2      | Slain by a quokka

Skill      XL: |  1  2 |
---------------+-------+-----
Necromancy     | 5 |  5.1
Dodging        | |  1.8
Stealth        | |  1.7
Spellcasting   | |  2.5

Action                   || total
-------------------------++-------
Melee: Dagger            ||     2
 Cast: Pain              ||    31
       Animate Skeleton  ||     8
Armor: Robe              ||     7
Dodge: Dodged            ||     4
